Map: Orbital Shipyard

Players

zelderan

  • Race: Zerg Zerg
  • League: Gold

Jimnasium - Winner!

  • Race: Terran Terran
  • League: Gold

VOD

Have the link to the VOD?

Description

Time

  • Played on: Nov. 18, 2015, 5:09 p.m.
  • Length: 15:19
Show
View Real Time Build Order
Export as new Build Order

zelderan Zerg 

Build Orders: Hatch First, Lurkers 

Get SALT Encoding   

  12  0:01  Drone  
  13  0:13  Overlord  
  13  0:17  Drone  
  14  0:31  Drone  
  14  0:32  Drone  
  16  0:38  Drone  
  17  0:51  Hatchery  
  16  1:07  Spawning Pool  
  16  1:09  Extractor  
  16  1:11  Drone  
  15  1:15  Drone  
  16  1:19  Drone  
  17  1:29  Drone  
  18  1:46  Hatchery  
  17  1:54  Queen  
  17  1:59  Zergling x2  
  20  2:11  Zergling x4  
  22  2:16  Overlord  
  23  2:25  Drone x4  
  26  2:31  Queen  
  28  2:41  Queen  
  28  2:42  Drone  
  31  2:50  Metabolic Boost  
  31  2:52  Zergling x2  
  31  2:57  Drone x2  
  34  2:59  Drone  
  34  3:00  Drone  
  32  3:45  Queen  
  32  3:46  Queen  
  32  3:48  Overlord x4  
  36  4:21  Drone x2  
  36  4:22  Hatchery, Drone x9  
  46  4:30  Zergling x4  
  48  4:37  Extractor  
  47  4:41  Drone x3  
  50  4:47  Zergling x2  
  51  5:02  Lair  
  51  5:07  Roach Warren  
  51  5:08  Drone x3  
  51  5:09  Evolution Chamber  
  49  5:16  Baneling Nest, Zergling x10  
  53  5:21  Zergling x2  
  53  5:22  Zergling x2  
  55  5:31  Zergling x8  
  55  5:34  Spine Crawler  
  58  5:36  Spine Crawler  
  58  5:39  Zergling x4  
  58  5:40  Zergling x4  
  61  5:46  Overlord x2  
  53  6:10  Zergling x8  
  50  6:24  Baneling x3  
  50  6:25  Zergling x4, Baneling  
  50  6:26  Zergling x2  
  52  6:38  Overseer  
  52  6:41  Spore Crawler  
  49  6:54  Hatchery  
  49  6:59  Glial Reconstitution  
  48  7:10  Zergling x14  
  48  7:12  Centrifical Hooks, Baneling x4  
  55  7:16  Zerg Missile Weapons Level 1  
  55  7:17  Roach x2  
  49  7:54  Spore Crawler  
  49  7:55  Roach x3  
  49  7:56  Roach x5  
  64  8:16  Roach x2  
  64  8:17  Roach x2  
  64  8:18  Drone x2  
  74  8:21  Extractor  
  74  8:26  Queen  
  75  8:27  Zergling x6  
  75  8:28  Zergling x6  
  75  8:29  Overlord x3  
  81  8:40  Extractor  
  80  8:51  Ravager x2  
  80  8:53  Ravager, Zergling x4  
  80  8:54  Zergling x8  
  89  9:00  Drone x7  
  96  9:09  Overseer  
  96  9:12  Drone x3  
  99  9:18  Drone x3  
  99  9:23  Overlord  
  102  9:31  Overlord  
  102  9:43  Ravager x3  
  105  9:58  Drone x4  
  105  9:59  Roach x2  
  113  10:03  Zerg Ground Armor Level 1  
  113  10:08  Evolution Chamber  
  113  10:11  Hydralisk Den  
  111  10:20  Roach x3  
  111  10:21  Roach x4  
  111  10:24  Pneumatized Carapace  
  111  10:30  Ravager  
  111  10:34  Zergling x2  
  113  10:47  Extractor  
  113  10:48  Extractor, Zergling x2  
  112  10:50  Zerg Melee Weapons Level 1  
  112  10:53  Overlord x6  
  112  10:54  Overlord  
  112  10:57  Zergling x2  
  100  11:18  Zergling x18  
  77  11:19  Zergling x2  
  77  11:20  Zergling x8  
  77  11:22  Zergling x4  
  77  11:25  Zergling x8  
  88  11:29  Lurker Den  
  88  11:30  Zergling x2  
  89  11:43  Baneling x5  
  89  11:44  Baneling x2  
  89  11:45  Hydralisk  
  89  11:46  Hydralisk x2  
  95  11:48  Ravager  
  95  11:50  Zergling x4  
  81  12:17  Roach x8  
  81  12:18  Roach  
  90  12:33  Zergling x8  
  90  12:34  Hydralisk x4  
  97  12:44  Queen  
  92  12:46  Ravager x4  
  92  12:47  Ravager, Zergling x6  
  102  13:05  Roach x3  
  106  13:06  Lurker  
  90  13:22  Hydralisk x6  
  101  13:28  Lurker  
  101  13:30  Drone x2  
  101  13:31  Drone x4  
  108  13:36  Lurker  
  99  13:49  Lurker  
  99  13:50  Lurker  
  99  13:53  Roach x5  
  68  14:11  Zergling x16  
  68  14:12  Zergling x2  
  68  14:17  Ravager  
  68  14:18  Ravager x3  
  55  14:33  Baneling x4  
  55  14:34  Baneling  
  55  14:35  Zergling x8  
  54  14:42  Zergling x2  
  54  14:43  Zergling x2  
Show
View Real Time Build Order
Export as new Build Order

Jimnasium Terran - Winner!

Build Orders: MMM Bio 

Get SALT Encoding   

  12  0:01  SCV  
  13  0:13  SCV  
  14  0:19  Supply Depot  
  14  0:25  SCV  
  15  0:33  Refinery  
  15  0:40  SCV  
  16  0:45  Barracks  
  16  0:52  SCV  
  17  1:05  SCV, Barracks  
  18  1:17  SCV  
  19  1:23  Supply Depot  
  19  1:29  SCV  
  21  1:32  Reaper  
  21  1:41  Orbital Command  
  21  1:57  Reaper  
  21  2:00  Bunker  
  22  2:05  Reaper  
  22  2:08  Barracks  
  23  2:11  SCV  
  24  2:23  SCV  
  26  2:35  SCV  
  27  2:47  SCV  
  27  2:49  Command Center, Barracks Tech Lab  
  27  2:52  Refinery  
  27  2:57  Barracks Reactor  
  27  2:59  SCV  
  27  3:02  Factory  
  28  3:11  SCV  
  29  3:21  Marauder  
  31  3:37  Marine  
  31  3:43  Supply Depot  
  31  4:00  Marauder, SCV, Marine x3, Widow Mine  
  31  4:02  Orbital Command  
  39  4:08  Combat Shields  
  39  4:12  SCV  
  40  4:18  Marine x3  
  40  4:21  Marine  
  44  4:24  SCV, Bunker  
  44  4:26  Supply Depot  
  44  4:28  Widow Mine  
  44  4:29  SCV  
  44  4:30  Refinery  
  48  4:35  Marine  
  48  4:36  SCV  
  50  4:40  Marauder  
  50  4:41  SCV, Starport  
  50  4:43  Marine  
  54  4:48  Marine  
  54  4:50  Supply Depot, SCV  
  56  4:53  SCV, Marine  
  58  5:00  Marine  
  58  5:01  Marine  
  58  5:03  Factory Tech Lab  
  60  5:07  SCV x2  
  62  5:14  Marine  
  62  5:15  Marine  
  62  5:19  Marauder  
  62  5:20  SCV x2  
  68  5:21  Starport Reactor  
  68  5:23  Marine  
  69  5:28  Barracks  
  69  5:32  Marine  
  70  5:38  Engineering Bay, Marine  
  70  6:04  Marauder, Marine x3  
  60  6:12  SCV x2  
  60  6:14  Siege Tank, Medivac x2  
  65  6:20  Terran Infantry Weapons Level 1  
  65  6:21  Command Center, Marine  
  65  6:22  Marine x2  
  65  6:24  SCV  
  69  6:26  Marine  
  69  6:29  Stimpack  
  69  6:30  SCV  
  71  6:34  Refinery  
  71  6:39  Marine  
  71  6:40  Missile Turret  
  71  6:42  SCV, Missile Turret  
  71  6:44  SCV  
  74  6:51  Marine x3  
  77  6:54  SCV  
  77  7:00  Supply Depot  
  78  7:02  Supply Depot  
  78  7:05  Liberator  
  78  7:06  Marine  
  78  7:07  SCV, Supply Depot, Liberator  
  76  7:09  Marine  
  77  7:18  Marine  
  77  7:22  Siege Tank, Marine  
  85  7:26  Marine x2  
  90  7:36  Marine  
  90  7:40  Marine  
  90  7:43  Marine  
  89  7:44  Marine  
  89  7:46  SCV x2  
  89  7:49  Orbital Command  
  92  7:53  Marine  
  92  7:57  Marine  
  94  8:01  Marine  
  94  8:02  Marine  
  96  8:09  Barracks  
  96  8:11  Engineering Bay, Barracks, Marine  
  88  8:14  Bunker  
  88  8:16  Marauder  
  88  8:17  Orbital Command  
  88  8:19  Marine  
  91  8:20  Marine  
  91  8:22  Terran Infantry Armor Level 1  
  91  8:23  SCV x2  
  94  8:29  Medivac x2, Marine  
  94  8:30  Concussive Shells  
  99  8:34  Supply Depot  
  99  8:37  Marine x2  
  99  8:38  Marine  
  102  8:42  Siege Tank  
  102  8:45  SCV x2  
  102  8:47  Marine  
  109  8:48  SCV  
  109  8:51  Refinery  
  109  8:52  Armory  
  109  8:55  Refinery  
  109  8:56  Engineering Bay  
  109  8:57  SCV x2  
  109  9:00  Missile Turret  
  109  9:01  Missile Turret, Marine  
  112  9:09  Marine  
  112  9:10  Marine  
  112  9:11  Marine  
  112  9:12  SCV  
  116  9:17  Siege Tank  
  116  9:18  Marine, Liberator x2  
  120  9:27  Marine x2  
  120  9:29  Marine  
  123  9:35  Supply Depot  
  123  9:36  Supply Depot  
  128  9:55  Bunker  
  128  9:57  Marauder, Bunker, Marine x3  
  133  10:00  Barracks Reactor, Barracks Tech Lab, Liberator x2  
  133  10:02  SCV x3  
  133  10:03  Terran Infantry Weapons Level 2  
  136  10:15  Marine x3  
  136  10:19  Marauder  
  142  10:41  Marine  
  142  10:42  Marine x2  
  145  10:46  Marine x2  
  147  10:51  Marine  
  147  10:52  Marine  
  149  11:01  Marine  
  149  11:03  Siege Tank  
  132  11:14  Marauder, Marine x2  
  124  11:19  Marauder  
  126  11:26  Marine x3  
  129  11:35  Siege Tank, Marine x3  
  129  11:36  Marauder  
  137  11:41  Marauder  
  137  11:44  Marine x3  
  142  11:52  Factory, Marine  
  142  11:53  Barracks x2, Marine x2  
  144  11:56  Barracks  
  144  11:57  Marauder  
  144  11:58  Command Center  
  146  12:02  Marine  
  146  12:07  Siege Tank  
  144  12:15  Marine x6  
  132  12:18  Marine  
  132  12:19  Marine  
  130  12:32  Marine  
  130  12:33  Marine x5  
  130  12:36  Marine  
  136  12:37  Marine  
  136  12:39  Siege Tank  
  135  12:45  Barracks Reactor  
  135  12:46  Barracks Reactor, Barracks Tech Lab, Factory Tech Lab  
  135  12:49  Terran Infantry Armor Level 2  
  135  12:50  Marine x2  
  135  12:51  Marine x3  
  139  12:54  Marine x2  
  142  12:58  Command Center  
  139  13:06  Marine  
  139  13:11  Siege Tank  
  140  13:14  Marine x3  
  140  13:15  Marine, Marauder  
  140  13:20  Marauder, Marine x2  
  140  13:23  Marine x4  
  140  13:24  Marine  
  148  13:32  Marine x3  
  148  13:33  Marine  
  152  13:36  Marauder  
  152  13:38  Marauder  
  156  13:41  Marauder  
  156  13:43  Siege Tank  
  158  13:50  Marine x3  
  161  13:57  Marauder  
  161  13:59  Missile Turret x2  
  145  14:22  Marine x7  
  145  14:23  Marine x3  
  150  14:41  Planetary Fortress  
  117  15:16  Refinery  
  117  15:18  Refinery  
Tags
 
Add a new tag
Caveats
  • Supply blocks, unpowered buildings, or Contaminate may cause inaccurate times.
  • Supply counts are checked every 10 seconds.